 Dungeon Sprint DCSS version 0.29-a0-330-g52719c12eb (webtiles) character file.

Game seed: 6107608002669955563

5581 jt the Warrior (level 10, -4/117 HPs)
             Began as a Deep Dwarf Berserker on Apr 18, 2022.
             Was a High Priest of Trog.
             Shot with a bolt by a yaktaur captain (30 damage)
             ... in the Dungeon (Sprint II: "The Violet Keep of Menkaure").
             The game lasted 00:06:09 (628 turns).

jt the Warrior (Deep Dwarf Berserker)                Turns: 628, Time: 00:06:09

Health: -4/117     AC: 18    Str: 25    XL:     10   Next: 44%
Magic:  17/17      EV:  8    Int:  8    God:    Trog [*****.]
Gold:   101        SH:  0    Dex: 12    Spells: 9/9 levels left

rFire   . . .      SeeInvis .   p - +4 battleaxe (vorpal)
rCold   . . .      Faith    .   (shield currently unavailable)
rNeg    . . .      Spirit   .   k - +1 plate armour {Will+}
rPois   .          Reflect  .   (no helmet)
rElec   +          Harm     .   (no cloak)
rCorr   .          Rampage  .   o - +2 pair of gloves {hurl}
Will    ++...      Clarity  +   (no boots)
Stlth   .......... NoTele   +   (no amulet)
HPRegen 0.00/turn               (no ring)
MPRegen 0.15/turn               (no ring)

@: very slow
A: damage resistance, heal wounds, sense surroundings 2, no regeneration,
clarity, electricity resistance
a: Heal Wounds, Renounce Religion, Berserk, Trog's Hand, Brothers in Arms


You were in the Dungeon.
You worshipped Trog.
Trog was extremely pleased with you.
You visited 1 branch You collected 1134 gold pieces.
You spent 1033 gold pieces at shops.

Inventory:

Hand Weapons
 a - a +0 hand axe
 e - a +4 war axe of flaming
 i - a +0 spear
 l - a +0 broad axe
 p - a +4 vorpal battleaxe (weapon)
Armour
 b - a +0 animal skin
 k - a +1 plate armour of willpower (worn)
 o - a +2 pair of gloves of hurling (worn)
Scrolls
 m - 2 scrolls of identify
 n - a scroll of holy word
Potions
 c - a potion of curing
 d - a potion of heal wounds
 f - 2 potions of magic
 g - a potion of berserk rage
 j - a potion of might


   Skills:
 + Level 15.9 Fighting
 + Level 14.2 Axes
 + Level 8.7 Armour
 - Level 2.1 Dodging
 + Level 14.2 Invocations


You had 9 spell levels left.
You didn't know any spells.
Your spell library was empty.

Dungeon Overview and Level Annotations

Branches:
Dungeon (1/1)

Altars:
Cheibriados
Dithmenos
Elyvilon
Fedhas
Gozag
Hepliaklqana
Kikubaaqudgha
Makhleb
Nemelex Xobeh
Qazlal
Ru
Sif Muna
Trog
Uskayaw
Wu Jian
Beogh
Jiyva
Lugonu

Shops:
D ?[:!*=*!:[*[=(*

Annotations:
D exclusions: obsidian statue and oklob plant, Kirke


Innate Abilities, Weirdness & Mutations

You are resistant to damage.
You can heal yourself by infusing magical energy.
You passively map the area around you.
You do not regenerate.
You possess an exceptional clarity of mind.
You are resistant to electric shocks. (rElec)


Message History

The flying skull hits you.
You slice the flying skull!!
You destroy the flying skull!
Trog accepts your kill.
No reachable target in view!
An elephant, a centaur warrior, Kirke, a yaktaur captain, a kobold demonologist and a skeletal warrior come into view.
Found 81 gold pieces.
The elephant trumpets!
The centaur warrior shouts!
Kirke shouts!
The kobold demonologist shouts!
Kirke moves out of view.
It was a potion of mutation.
You feel extremely strange.
You no longer feel strong-willed.
Your thoughts seem clearer.
You feel insulated.
The skeletal warrior hits you with a +0 war axe!
It was a potion of cancellation.
You feel magically purged.
The skeletal warrior completely misses you.
Your unstable footing causes you to fumble your attack.
The skeletal warrior hits you but does no damage.
Press: ? - help, v - describe, . - travel Some shallow water.
The skeletal warrior attacks as you move away!
The skeletal warrior splashes around in the water.
The skeletal warrior attacks as you move away!
The skeletal warrior hits you with a +0 war axe!
The yaktaur captain wields a +0 arbalest.
The yaktaur captain shoots a bolt.
The bolt hits you!
The skeletal warrior attacks as you move away!
The skeletal warrior hits you but does no damage.
The yaktaur captain shoots a bolt.
The bolt hits you!!!
* * * LOW HITPOINT WARNING * * *
You feel much better.
The skeletal warrior closely misses you.
The yaktaur captain shoots a bolt.
The bolt hits you!!
* * * LOW HITPOINT WARNING * * *
Unknown command.
You feel much better.
The skeletal warrior hits you with a +0 war axe!
* * * LOW HITPOINT WARNING * * *
The yaktaur captain shoots a bolt.
The bolt hits you!!
You die...

*∩∩∩ ∩ #z ≈.≈§z○≈* * *### +
≈§§°☼.○≈§ ##++ ,
*#..c####§§°°°○°. ##≈.. ,
#$YcK.Y##○°☼§°.≈ e≈..
############@≈#○☼°#+++#####†
###########c≈K○○○......#.[†.
##........#≈≈≈≈.##+##..#..##
##....⌠...#≈z≈≈##...##.####D
##...∩.∩..#@≈≈≈#.÷#..# ...#,
##..∩.∩.∩.#≈≈####...####..##
##.∩.∩.∩.∩#≈##.###'###.##..#
##∩.....∩.#≈#...##.##.#.#..#
##.∩.....∩'≈'##.'.<.'###+..#
##∩.......#≈#...##.##.#.#...
#▓▓▓▓▓▓▓###≈##.###'###.##...
##[ll######≈≈####.#.####≈≈..
#?.l#D? ##≈≈≈#.5#..#≈≈§≈≈≈


You could see Kirke, a yaktaur captain, an elephant, a skeletal warrior, a
kobold demonologist and a wyvern.

Vanquished Creatures
  2 hell hogs (D)
  3 shining eyes (D)
  A merfolk siren (D)
  12 flying skulls (D)
  2 wyverns (D)
  Menkaure (D)
  2 water moccasins (D)
  4 necrophages (D)
  4 scorpions (D)
  A hell rat (D)
32 creatures vanquished.

Notes
Turn   | Place    | Note
-------+----------+-------------------------------------------
     0 | D        | jt the Deep Dwarf Berserker began the quest for the Orb.
     0 | D        | Reached XP level 1. HP: 20/20 MP: 1/1
     1 | D        | Noticed a scorpion
     1 | D        | Noticed a scorpion
     1 | D        | Noticed a scorpion
     1 | D        | Noticed a scorpion
     9 | D        | Killed a scorpion
    10 | D        | Reached XP level 2. HP: 27/27 MP: 2/2
    10 | D        | Reached XP level 3. HP: 33/33 MP: 3/3
    13 | D        | Killed a scorpion
    14 | D        | Reached skill level 10 in Axes
    14 | D        | Reached XP level 4. HP: 40/40 MP: 4/4
    18 | D        | Killed a scorpion
    18 | D        | Reached ** piety under Trog
    19 | D        | Reached XP level 5. HP: 40/46 MP: 5/5
    86 | D        | Reached skill level 3 in Fighting
    86 | D        | Reached XP level 6. HP: 50/56 MP: 6/6
    93 | D        | Reached skill level 5 in Fighting
    99 | D        | Reached *** piety under Trog
   100 | D        | Reached skill level 6 in Fighting
   105 | D        | Reached skill level 7 in Fighting
   113 | D        | Noticed a merfolk siren
   129 | D        | Killed a merfolk siren
   130 | D        | Reached skill level 10 in Fighting
   130 | D        | Reached XP level 7. HP: 70/80 MP: 7/7
   138 | D        | Noticed a flying skull
   138 | D        | Noticed a flying skull
   138 | D        | Noticed a flying skull
   138 | D        | Noticed a flying skull
   138 | D        | Noticed a flying skull
   138 | D        | Noticed a flying skull
   138 | D        | Noticed a flying skull
   138 | D        | Noticed a flying skull
   145 | D        | Noticed a wyvern
   145 | D        | Noticed a wyvern
   149 | D        | Killed a wyvern
   149 | D        | Reached **** piety under Trog
   150 | D        | Reached skill level 11 in Fighting
   153 | D        | Killed a wyvern
   154 | D        | Reached XP level 8. HP: 91/91 MP: 8/8
   170 | D        | Found Akhuibbod's Jewellery Shoppe.
   170 | D        | Found Meugeiruf's Antique Weapon Shoppe.
   170 | D        | Found Xadwichu's Assorted Antiques.
   170 | D        | Found Qehaotin's Distillery.
   170 | D        | Found Plog's Armour Emporium.
   170 | D        | Found Immirurph's Book Shoppe.
   170 | D        | Found Nevuni Zeuwk's Antique Armour Shoppe.
   170 | D        | Found Uhoroe's Assorted Antiques.
   180 | D        | Reached skill level 12 in Fighting
   180 | D        | Found Qafefyitz's General Store.
   180 | D        | Found Less's Jewellery Emporium.
   182 | D        | Found Kuohytus's General Store.
   182 | D        | Found Jixuyrgh's Distillery.
   182 | D        | Noticed an oklob plant
   192 | D        | Found Ucary's Antique Armour Shoppe.
   192 | D        | Found Olibiut's Magic Scroll Emporium.
   192 | D        | Found Utistrat's Book Shoppe.
   202 | D        | Noticed an ice dragon
   203 | D        | Bought a potion of might for 40 gold pieces
   208 | D        | Bought a glowing plate armour for 676 gold pieces
   241 | D        | Reached skill level 1 in Invocations
   258 | D        | Bought a scroll labelled TAHOS RINUYLOO for 24 gold pieces
   258 | D        | Bought a scroll labelled NEORPH TORPHIRI for 24 gold pieces
   260 | D        | Bought a scroll labelled TAHOS RINUYLOO for 25 gold pieces
   262 | D        | Bought a pair of glowing gloves for 157 gold pieces
   271 | D        | Bought a scroll of identify for 22 gold pieces
   291 | D        | Found a snail-covered altar of Cheibriados.
   291 | D        | Found a hazy altar of Hepliaklqana.
   292 | D        | Found a shadowy altar of Dithmenos.
   292 | D        | Found a viscous altar of Jiyva.
   293 | D        | Found a white marble altar of Elyvilon.
   293 | D        | Found an ancient bone altar of Kikubaaqudgha.
   294 | D        | Found a blossoming altar of Fedhas.
   294 | D        | Found a corrupted altar of Lugonu.
   294 | D        | Found a shimmering blue altar of Sif Muna.
   295 | D        | Found an opulent altar of Gozag.
   295 | D        | Found a burning altar of Makhleb.
   295 | D        | Found a bloodstained altar of Trog.
   296 | D        | Found a sparkling altar of Nemelex Xobeh.
   296 | D        | Found a hide-covered altar of Uskayaw.
   296 | D        | Noticed Menkaure
   300 | D        | Killed Menkaure
   300 | D        | Reached ***** piety under Trog
   305 | D        | Noticed a shining eye
   305 | D        | Noticed a shining eye
   305 | D        | Noticed a shining eye
   309 | D        | Killed a shining eye
   310 | D        | Reached skill level 13 in Fighting
   312 | D        | Killed a shining eye
   313 | D        | Gained mutation: You passively map the area around you.
                  | [Deep Dwarf growth]
   313 | D        | Reached XP level 9. HP: 96/103 MP: 8/14
   317 | D        | Gained mutation: You are strong-willed. (Will+) [a shining
                  | eye]
   318 | D        | Killed a shining eye
   319 | D        | Reached skill level 14 in Fighting
   319 | D        | Reached skill level 10 in Invocations
   344 | D        | Noticed a fire dragon
   348 | D        | Noticed a deep elf master archer
   351 | D        | Noticed a hell hog
   351 | D        | Noticed a hell hog
   355 | D        | Killed a hell hog
   372 | D        | Killed a hell hog
   372 | D        | Received a gift from Trog
   373 | D        | Reached skill level 15 in Fighting
   373 | D        | Reached skill level 5 in Armour
   419 | D        | Noticed a death drake
   420 | D        | Noticed a death drake
   421 | D        | Found a sacrificial altar of Ru.
   421 | D        | Found a stormy altar of Qazlal.
   421 | D        | Found an ornate altar of the Wu Jian Council.
   421 | D        | Noticed a polar bear
   421 | D        | Noticed a polar bear
   422 | D        | Noticed a polar bear
   440 | D        | Noticed an obsidian statue
   487 | D        | Bought a golden potion for 21 gold pieces
   489 | D        | Bought a lumpy sapphire potion for 22 gold pieces
   489 | D        | Bought a white potion for 22 gold pieces
   517 | D        | Reached XP level 10. HP: 69/115 MP: 16/16
   565 | D        | Received a gift from Trog
   619 | D        | Noticed an elephant
   619 | D        | Noticed a centaur warrior
   619 | D        | Noticed Kirke
   619 | D        | Noticed a yaktaur captain
   619 | D        | Noticed a skeletal warrior
   620 | D        | Lost mutation: You are strong-willed. (Will+) [potion of
                  | mutation]
   620 | D        | Gained mutation: You possess an exceptional clarity of
                  | mind. [potion of mutation]
   620 | D        | Gained mutation: You are resistant to electric shocks.
                  | (rElec) [potion of mutation]
   628 | D        | Shot with a bolt by a yaktaur captain

Illustrated notes

Levels and vault maps discovered:
D:        the_violet_keep_of_menkaure [sprint2_stairs_cluster_1,
          sprint2_shoproom, sprint2_temple, sprint2_basic_supplies,
          sprint2_obstacle_3, sprint2_obstacle_7, sprint2_obstacle_1,
          sprint2_obstacle_6, sprint2_obstacle_4, sprint2_timed_cluster_1,
          sprint2_smallroom_cluster_1, sprint2_smallroom_final_cluster_1,
          sprint2_transparent_cluster_1, sprint2_second_timed_cluster_1,
          sprint2_sniper_area_1, sprint2_heavy_combat_area_1,
          sprint2_mutation_trap_area_1, sprint2_forest_area_1,
          sprint2_light_combat_area_1, sprint2_behind_water_1,
          sprint2_near_end_vault_1]

Skill      XL: |  1  2  3  4  5  6  7  8  9 10 |
---------------+-------------------------------+-----
Axes           | 8 10 12 14 | 14.2
Fighting       | 3 10 11 13 15 | 15.9
Invocations    | 8 12 14 | 14.2
Armour         | 6 8 |  8.7
Dodging        | |  2.1

Action                   |  1- 3 |  4- 6 |  7- 9 | 10-12 || total
-------------------------+-------+-------+-------+-------++-------
Melee: Hand axe          |    11 |    50 |    33 |       ||    94
       Punch             |       |     1 |       |     1 ||     2
       Broad axe         |       |       |    37 |    55 ||    92
       Battleaxe         |       |       |       |    28 ||    28
Invok: Berserk           |     1 |       |     3 |       ||     4
       Trog's Hand       |       |       |     2 |     1 ||     3
 Abil: Heal Wounds       |       |     1 |     6 |     3 ||    10
  Use: Scroll            |       |       |     2 |       ||     2
       Potion            |       |       |     2 |     2 ||     4
Armor: Animal skin       |     1 |     2 |     4 |       ||     7
       Plate armour      |       |       |    15 |    57 ||    72
Dodge: Dodged            |     3 |     9 |    16 |    39 ||    67

Table legend: (Time is in decaauts)
 A = Elapsed time spent in this place.
 B = Non-inter-level travel time spent in this place.
 C = Inter-level travel time spent in this place.
 D = Time resting spent in this place.
 E = Time spent auto-exploring this place.
 F = Levels seen in this place.
 G = Mean time per level.
                   A        B        C        D        E       F      G
               +--------+--------+--------+--------+--------+-----+--------+
         Total |    621 |    600 |     21 |    136 |      0 |   1 |  621.0 |
       Dungeon |    621 |    600 |     21 |    136 |      0 |   1 |  621.0 |
               +--------+--------+--------+--------+--------+-----+--------+

Top non-repeatable levels by time:
       D: 621 daAuts
